TOP OF THE 1ST |
Florida Gators batting - Pitching for Providence Friars : RHP Corey May
|
Pitching: RHP Corey May
|
|
Batting: LHB Bob MacDonald
|
0-0: Ball 1-0: Ball 2-0: Called Strike 2-1: Called Strike 2-2: Strikes out swinging
|
Batting: RHB Luis Morales
|
0-0: Called Strike 0-1: Ball 1-1: Foul Ball, location: 2F 1-2: Ball 2-2: Foul Ball, location: 2F 2-2: Ball 3-2: Base on Balls
|
Batting: RHB Butch Richardson
|
0-0: Called Strike 0-1: Ball 1-1: Fly out, F8 (Flyball, 8LM)
|
Batting: RHB Jon Newsome
|
0-0: Ball 1-0: Foul Ball, location: 2F 1-1: Swinging Strike 1-2: Strikes out looking
|
Top of the 1st over - 0 run(s), 0 hit(s), 0 error(s), 1 left on base; Florida 0 - Providence 0 |
BOTTOM OF THE 1ST |
Providence Friars batting - Pitching for Florida Gators : LHP Billy Davis
|
Pitching: LHP Billy Davis
|
|
Batting: SHB Joey Boyd
|
0-0: Ball 1-0: Ball 2-0: Ground out 3-1 (Groundball, 3)
|
Batting: RHB Eugene Ackerman
|
0-0: Ball 1-0: Swinging Strike 1-1: Called Strike 1-2: Strikes out looking
|
Batting: RHB Rodrigo Carballeira
|
0-0: Ball 1-0: Foul Ball, location: 2F 1-1: Foul Ball, location: 2F 1-2: Ball 2-2: Foul Ball, location: 2F 2-2: Ball 3-2: Base on Balls
|
Batting: RHB Jorge Carrillo
|
0-0: Called Strike 0-1: Called Strike 0-2: Strikes out looking
|
Bottom of the 1st over - 0 run(s), 0 hit(s), 0 error(s), 1 left on base; Florida 0 - Providence 0 |
TOP OF THE 2ND |
Florida Gators batting - Pitching for Providence Friars : RHP Corey May
|
Batting: RHB Seth Burgess
|
0-0: Ball 1-0: Ball 2-0: Ball 3-0: Called Strike 3-1: Base on Balls
|
Batting: RHB Artie Jackson
|
0-0: Swinging Strike 0-1: Fly out, F9 (Flyball, 89M)
|
Batting: RHB Manny Gutiérrez
|
0-0: Ball 1-0: Ball 2-0: Ball 3-0: Foul Ball, location: 2F 3-1: 2-RUN HOME RUN (Flyball, 7D), Distance : 358 ft
|
Batting: SHB Pedro Rodríguez
|
0-0: Ball 1-0: Ball 2-0: Ball 3-0: Called Strike 3-1: Base on Balls
|
Batting: RHB Marshall Normore
|
0-0: Ball Pedro Rodríguez steals 2nd base 1-0: Ball 2-0: Ball 3-0: Base on Balls
|
Batting: LHB Bob MacDonald
|
0-0: Called Strike 0-1: Called Strike 0-2: Strikes out swinging
|
Batting: RHB Luis Morales
|
0-0: Ball 1-0: Ball Pedro Rodríguez steals 3rd base Marshall Normore to second 2-0: Fly out, F4 (Line Drive, 4)
|
Top of the 2nd over - 2 run(s), 1 hit(s), 0 error(s), 2 left on base; Florida 2 - Providence 0 |
BOTTOM OF THE 2ND |
Providence Friars batting - Pitching for Florida Gators : LHP Billy Davis
|
Batting: RHB Kyle Baylor
|
0-0: Called Strike 0-1: Called Strike 0-2: Strikes out swinging
|
Batting: RHB Dan Rivera
|
0-0: Ball 1-0: Called Strike 1-1: Ball 2-1: Ball 3-1: Foul Ball, location: 2F 3-2: Base on Balls
|
Batting: RHB Tommy Allen
|
0-0: Called Strike 0-1: Ball 1-1: Ball 2-1: Foul Ball, location: 2F 2-2: Strikes out swinging
|
Batting: LHB Jorge Hernández
|
0-0: Called Strike 0-1: Ball 1-1: Called Strike 1-2: Strikes out swinging
|
Bottom of the 2nd over - 0 run(s), 0 hit(s), 0 error(s), 1 left on base; Florida 2 - Providence 0 |
TOP OF THE 3RD |
Florida Gators batting - Pitching for Providence Friars : RHP Corey May
|
Batting: RHB Butch Richardson
|
0-0: Ball 1-0: Ball 2-0: Ball 3-0: Called Strike 3-1: Base on Balls
|
Batting: RHB Jon Newsome
|
0-0: Called Strike 0-1: Swinging Strike 0-2: Ball Butch Richardson is caught stealing 2nd base 1-2: Strikes out swinging
|
Batting: RHB Seth Burgess
|
0-0: Ball 1-0: Called Strike 1-1: Foul Ball, location: 2F 1-2: Strikes out swinging
|
Top of the 3rd over - 0 run(s), 0 hit(s), 0 error(s), 0 left on base; Florida 2 - Providence 0 |
BOTTOM OF THE 3RD |
Providence Friars batting - Pitching for Florida Gators : LHP Billy Davis
|
Batting: RHB Larry Davis
|
0-0: Called Strike 0-1: Ball 1-1: Ball 2-1: Ball 3-1: Base on Balls
|
Batting: SHB Joey Boyd
|
0-0: Called Strike 0-1: Ball 1-1: Fielders Choice at 2nd, 1-6 (Groundball, 15)
|
Batting: RHB Eugene Ackerman
|
0-0: Ball 1-0: Ball 2-0: Ball 3-0: Base on Balls Joey Boyd to second
|
Batting: RHB Rodrigo Carballeira
|
0-0: Foul Ball, location: 2F 0-1: Foul Ball, location: 2F 0-2: Ball 1-2: Strikes out swinging
|
Batting: RHB Jorge Carrillo
|
0-0: Foul Ball, location: 2F 0-1: Swinging Strike 0-2: Strikes out looking
|
Bottom of the 3rd over - 0 run(s), 0 hit(s), 0 error(s), 2 left on base; Florida 2 - Providence 0 |
TOP OF THE 4TH |
Florida Gators batting - Pitching for Providence Friars : RHP Corey May
|
Batting: RHB Artie Jackson
|
0-0: Ball 1-0: Called Strike 1-1: SINGLE (Groundball, 4MD)
|
Batting: RHB Manny Gutiérrez
|
0-0: 2-RUN HOME RUN (Flyball, 7D), Distance : 339 ft
|
Batting: SHB Pedro Rodríguez
|
0-0: Ball 1-0: Ball 2-0: Ball 3-0: Called Strike 3-1: Foul Ball, location: 2F 3-2: Foul Ball, location: 2F 3-2: Ground out 1-3 (Groundball, 23)
|
Batting: RHB Marshall Normore
|
0-0: Foul Ball, location: 2F 0-1: Foul Ball, location: 2F 0-2: Foul Ball, location: 2F 0-2: Ball 1-2: Ground out 4-3 (Groundball, 4)
|
Batting: LHB Bob MacDonald
|
0-0: Ball 1-0: Ball 2-0: Foul Ball, location: 2F 2-1: Ball 3-1: Base on Balls
|
Pitching: RHP Ashton Martínez
|
|
Batting: RHB Luis Morales
|
0-0: Called Strike 0-1: Ball 1-1: Swinging Strike 1-2: Strikes out swinging
|
Top of the 4th over - 2 run(s), 2 hit(s), 0 error(s), 1 left on base; Florida 4 - Providence 0 |
BOTTOM OF THE 4TH |
Providence Friars batting - Pitching for Florida Gators : LHP Billy Davis
|
Batting: RHB Kyle Baylor
|
0-0: Ground out 5-3 (Groundball, 5S)
|
Batting: RHB Dan Rivera
|
0-0: Ball 1-0: Ball 2-0: Called Strike 2-1: Ball 3-1: Ground out 6-3 (Groundball, 6)
|
Batting: RHB Tommy Allen
|
0-0: Reached on error, E5 (Groundball, 56)
|
Batting: LHB Jorge Hernández
|
0-0: Ball 1-0: Called Strike 1-1: Called Strike 1-2: Ball 2-2: Ball 3-2: Ground out 4-3 (Groundball, 34)
|
Bottom of the 4th over - 0 run(s), 0 hit(s), 1 error(s), 1 left on base; Florida 4 - Providence 0 |
TOP OF THE 5TH |
Florida Gators batting - Pitching for Providence Friars : RHP Ashton Martínez
|
Batting: RHB Butch Richardson
|
0-0: Called Strike 0-1: Ball 1-1: Ground out 5-3 (Groundball, 5)
|
Batting: RHB Jon Newsome
|
0-0: Ball 1-0: Foul Ball, location: 2F 1-1: Ball 2-1: Ball 3-1: Foul Ball, location: 2F 3-2: Base on Balls
|
|
|
Batting: RHB Seth Burgess
|
0-0: Ball 1-0: Called Strike 1-1: Grounds into double play, 6-4-3 (Groundball, 6)
|
Top of the 5th over - 0 run(s), 0 hit(s), 0 error(s), 0 left on base; Florida 4 - Providence 0 |
BOTTOM OF THE 5TH |
Providence Friars batting - Pitching for Florida Gators : LHP Billy Davis
|
Batting: RHB Larry Davis
|
0-0: Ball 1-0: Swinging Strike 1-1: Swinging Strike 1-2: Foul Ball, location: 2F 1-2: Ball 2-2: Ball 3-2: Foul Ball, location: 2F 3-2: Foul Ball, location: 2F 3-2: SINGLE (Line Drive, 4M)
|
Pitching: RHP Mike Walker
|
|
Batting: SHB Joey Boyd
|
0-0: Ball 1-0: Grounds into double play, 1-6-3 (Groundball, 13)
|
Batting: RHB Eugene Ackerman
|
0-0: Ball 1-0: Foul Ball, location: 2F 1-1: Called Strike 1-2: Strikes out swinging
|
Bottom of the 5th over - 0 run(s), 1 hit(s), 0 error(s), 0 left on base; Florida 4 - Providence 0 |
TOP OF THE 6TH |
Florida Gators batting - Pitching for Providence Friars : RHP Ashton Martínez
|
Batting: RHB Artie Jackson
|
0-0: Bunt missed! 0-1: Ball 1-1: SINGLE (Flyball, 9S)
|
Batting: RHB Manny Gutiérrez
|
0-0: Ball 1-0: Ball 2-0: Ball 3-0: Called Strike 3-1: Base on Balls Artie Jackson to second
|
Pitching: LHP Juan Jose Hinojosa
|
|
Batting: SHB Pedro Rodríguez
|
0-0: Called Strike 0-1: Ball 1-1: Ball 2-1: Ball 3-1: Foul Ball, location: 2F 3-2: Foul Ball, location: 2F 3-2: Grounds into double play, 4-6-3 (Groundball, 4) Artie Jackson to third
|
Batting: RHB Marshall Normore
|
0-0: Ball 1-0: Called Strike Steal of home, Artie Jackson is out
|
Top of the 6th over - 0 run(s), 1 hit(s), 0 error(s), 0 left on base; Florida 4 - Providence 0 |
BOTTOM OF THE 6TH |
Providence Friars batting - Pitching for Florida Gators : RHP Mike Walker
|
Batting: RHB Rodrigo Carballeira
|
0-0: Ball 1-0: Ball 2-0: Foul Ball, location: 2F 2-1: Foul Ball, location: 2F 2-2: Ball 3-2: Base on Balls
|
Batting: RHB Jorge Carrillo
|
0-0: Ball 1-0: Ball 2-0: Ball 3-0: Called Strike 3-1: Grounds into double play, 5-4-3 (Groundball, 56)
|
Batting: RHB Kyle Baylor
|
0-0: Ball 1-0: Called Strike 1-1: Called Strike 1-2: Ball 2-2: SINGLE (Line Drive, 34D)
|
Batting: RHB Dan Rivera
|
0-0: Called Strike 0-1: Ball 1-1: Called Strike 1-2: Strikes out swinging
|
Bottom of the 6th over - 0 run(s), 1 hit(s), 0 error(s), 1 left on base; Florida 4 - Providence 0 |
TOP OF THE 7TH |
Florida Gators batting - Pitching for Providence Friars : LHP Juan Jose Hinojosa
|
Batting: RHB Marshall Normore
|
0-0: Ball 1-0: Ball 2-0: Ball 3-0: Called Strike 3-1: Fly out, F9 (Flyball, 9M)
|
Batting: LHB Bob MacDonald
|
0-0: Foul Ball, location: 2F 0-1: Foul Ball, location: 2F 0-2: Strikes out swinging
|
Batting: RHB Luis Morales
|
0-0: Foul Ball, location: 2F 0-1: Ball 1-1: Ball 2-1: Foul Ball, location: 2F 2-2: Ball 3-2: Foul Ball, location: 2F 3-2: Foul Ball, location: 2F 3-2: Base on Balls
|
Batting: RHB Butch Richardson
|
0-0: Ball 1-0: Ball 2-0: Ball 3-0: Base on Balls Luis Morales to second
|
Batting: RHB Jon Newsome
|
0-0: Ball 1-0: Ball 2-0: Ball 3-0: Base on Balls Luis Morales to third Butch Richardson to second
|
Batting: RHB Seth Burgess
|
0-0: Ground out 4-3 (Groundball, 34)
|
Top of the 7th over - 0 run(s), 0 hit(s), 0 error(s), 3 left on base; Florida 4 - Providence 0 |
BOTTOM OF THE 7TH |
Providence Friars batting - Pitching for Florida Gators : RHP Mike Walker
|
Pitching: LHP John Polk
|
|
Batting: RHB Tommy Allen
|
0-0: Swinging Strike 0-1: Foul Ball, location: 2F 0-2: Ball 1-2: Ball 2-2: Foul Ball, location: 2F 2-2: SINGLE (Groundball, 34D)
|
Batting: LHB Jorge Hernández
|
0-0: Called Strike 0-1: Ball 1-1: Ball 2-1: Foul Ball, location: 2F 2-2: Strikes out swinging
|
Batting: RHB Larry Davis
|
0-0: Ball 1-0: Ball 2-0: Called Strike 2-1: Ball 3-1: Base on Balls Tommy Allen to second
|
Batting: SHB Joey Boyd
|
0-0: Called Strike 0-1: SINGLE (Line Drive, 9S) Tommy Allen to third Larry Davis to second Runner from 3rd tries for Home, SAFE, throw made home
|
Batting: RHB Eugene Ackerman
|
0-0: Fly out, F9 (Line Drive, 9M)
|
Batting: RHB Rodrigo Carballeira
|
0-0: Ball 1-0: Ball 2-0: Ball 3-0: Called Strike 3-1: Base on Balls Larry Davis to third Joey Boyd to second
|
Batting: RHB Jorge Carrillo
|
0-0: Called Strike 0-1: Ball 1-1: Foul Ball, location: 2F 1-2: Ball 2-2: Strikes out looking
|
Bottom of the 7th over - 1 run(s), 2 hit(s), 0 error(s), 3 left on base; Florida 4 - Providence 1 |
TOP OF THE 8TH |
Florida Gators batting - Pitching for Providence Friars : LHP Juan Jose Hinojosa
|
Pitching: RHP Lance Edgar
|
|
Batting: RHB Artie Jackson
|
0-0: Ball 1-0: Swinging Strike 1-1: Ball 2-1: Called Strike 2-2: Strikes out looking
|
Batting: RHB Manny Gutiérrez
|
0-0: Called Strike 0-1: Called Strike 0-2: Foul Ball, location: 2F 0-2: Ball 1-2: Strikes out swinging
|
Batting: SHB Pedro Rodríguez
|
0-0: Called Strike 0-1: Ball 1-1: Called Strike 1-2: Ball 2-2: Foul Ball, location: 2F 2-2: Strikes out swinging
|
Top of the 8th over - 0 run(s), 0 hit(s), 0 error(s), 0 left on base; Florida 4 - Providence 1 |
BOTTOM OF THE 8TH |
Providence Friars batting - Pitching for Florida Gators : LHP John Polk
|
Batting: RHB Kyle Baylor
|
0-0: Ball 1-0: Ground out 3-1 (Groundball, 34S)
|
Batting: RHB Dan Rivera
|
0-0: Ball 1-0: Called Strike 1-1: Ball 2-1: Foul Ball, location: 2F 2-2: Ball 3-2: Foul Ball, location: 2F 3-2: Foul Ball, location: 2F 3-2: Base on Balls
|
Pitching: LHP Curt Mitchell
|
|
Batting: RHB Tommy Allen
|
0-0: Foul Ball, location: 2F 0-1: Ball 1-1: Ball 2-1: Swinging Strike 2-2: Strikes out looking
|
Batting: LHB Jorge Hernández
|
0-0: Called Strike 0-1: Ball 1-1: Fly out, F7 (Flyball, 7LM)
|
Bottom of the 8th over - 0 run(s), 0 hit(s), 0 error(s), 1 left on base; Florida 4 - Providence 1 |
TOP OF THE 9TH |
Florida Gators batting - Pitching for Providence Friars : RHP Lance Edgar
|
Batting: RHB Marshall Normore
|
0-0: Ball 1-0: Ball 2-0: Ball 3-0: Base on Balls
|
Batting: LHB Bob MacDonald
|
0-0: Bunted foul 0-1: Bunted foul 0-2: Foul Ball, location: 2F 0-2: Fielders Choice at 2nd, 3-6 (Groundball, 3)
|
Batting: RHB Luis Morales
|
0-0: Ball 1-0: Ball 2-0: Fly out, F7 (Flyball, 7M)
|
Batting: RHB Butch Richardson
|
0-0: Ball 1-0: Ball 2-0: Ground out 1-3 (Groundball, 15)
|
Top of the 9th over - 0 run(s), 0 hit(s), 0 error(s), 1 left on base; Florida 4 - Providence 1 |
BOTTOM OF THE 9TH |
Providence Friars batting - Pitching for Florida Gators : LHP Curt Mitchell
|
Pitching: LHP Paco Oliva
|
|
Batting: RHB Larry Davis
|
0-0: Called Strike 0-1: Called Strike 0-2: SOLO HOME RUN (Flyball, 7D), Distance : 356 ft
|
Batting: SHB Joey Boyd
|
0-0: Called Strike 0-1: Foul Ball, location: 2F 0-2: Ball 1-2: Strikes out looking
|
Batting: RHB Eugene Ackerman
|
0-0: Ball 1-0: Swinging Strike 1-1: Foul Ball, location: 2F 1-2: Strikes out swinging
|
Batting: RHB Rodrigo Carballeira
|
0-0: Called Strike 0-1: DOUBLE (Flyball, 89D)
|
Batting: RHB Jorge Carrillo
|
0-0: Called Strike 0-1: Foul Ball, location: 2F 0-2: Strikes out swinging
|
Bottom of the 9th over - 1 run(s), 2 hit(s), 0 error(s), 1 left on base; Florida 4 - Providence 2 |
|
Monday, December 5th, 2016 - OOTP Baseball 17.12 Build 75
|
|